 Dungeon Crawl Stone Soup version 0.30-a0-1116-gebefce21f7 (webtiles) character file.

Game seed: 1301801690435479945

108 qeuew the Conjurer (level 4, -3/24 HPs)
             Began as a Deep Elf Conjurer on Apr 21, 2023.
             Slain by an orc priest
             ... wielding a +0 whip
              (4 damage)
             ... on level 3 of the Dungeon.
             The game lasted 00:02:42 (2201 turns).

qeuew the Conjurer (Deep Elf Conjurer)              Turns: 2201, Time: 00:02:43

Health: -3/24      AC:  3    Str: -1 (2)  XL:     4   Next: 58%
Magic:  10/12      EV: 13    Int: 23 (25) God:
Gold:   101        SH:  0    Dex: 13      Spells: 8/11 levels left

rFire   . . .      SeeInvis .    (no weapon)
rCold   . . .      Faith    .    (no shield)
rNeg    . . .      Spirit   .    a - +1 robe
rPois   .          Reflect  .    (no helmet)
rElec   .          Rampage  .    (no cloak)
rCorr   .                        (no gloves)
Will    .....                    (no boots)
Stlth   ++                       i - amulet of magic regeneration
HPRegen 0.00/turn                (no ring)
MPRegen 0.53/turn                (no ring)

@: inhibited regen, slowed, lost strength, very slow
A: weak 1
a: no special abilities


You were on level 3 of the Dungeon.
You visited 1 branch of the dungeon, and saw 3 of its levels.

You collected 101 gold pieces.

Inventory:

Armour
 a - a +1 robe (worn)
Jewellery
 e - a +4 ring of slaying
 i - an amulet of magic regeneration (around neck)
Potions
 b - a potion of magic
 g - a potion of berserk rage
 h - a potion of brilliance
 j - a potion of invisibility


   Skills:
 + Level 3.3 Dodging
 + Level 3.5 Stealth
 + Level 4.0 Spellcasting
 * Level 5.4 Conjurations


You had 8 spell levels left.
You knew the following spells:

 Your Spells              Type           Power      Damage    Failure   Level
a - Magic Dart            Conj           100%       1d8       1%          1
b - Searing Ray           Conj           58%        2d6       1%          2

Your spell library contained the following spells:

 Spells                   Type           Power      Damage    Failure   Level
 Apportation              Tloc           8%         N/A       11%         1
 Dazzling Flash           Conj/Hex       34%        N/A       11%         3
 Fulminant Prism          Conj/Hex       8%         3d7       34%         4
 Iskenderun's Mystic Bla  Conj/Tloc      17%        2d5       34%         4
 Alistair's Intoxication  Tmut/Pois      2%         N/A       96%         5


Dungeon Overview and Level Annotations

Branches:
Dungeon (3/15)

Altars:

Shops:
D:1 (


Innate Abilities, Weirdness & Mutations

You are weak. (Str -2)


Message History

You start resting.
Magic restored.
You start resting.
HP restored.
You climb downwards.
The goblin hits you but does no damage. x2
The orc priest mumbles some strange prayers to Beogh against you.
Pain shoots through your body!
There is a stone staircase leading up here.
Items here: ( ))) [[ †††.
Aiming: Searing Ray (safe; 1% risk of failure)
Press: ? - help, Q - select action, (/) - cycle Shift-Dir - straight line, f - orc priest
Aim: an orc priest, wielding a +0 whip and wearing a +0 scale mail (82% to hit)
The searing ray hits the orc priest!
The orc priest is heavily wounded. (Press . to maintain the ray.)
The goblin hits you but does no damage. The orc priest hits you with a +0 whip.
The goblin closely misses you.
The orc priest calls down the wrath of Beogh upon you.
Beogh smites you!
* * * LOW HITPOINT WARNING * * *
The searing ray hits the orc priest.
The orc priest is severely wounded.
The goblin hits you with a +0 dagger.
* * * LOW HITPOINT WARNING * * *
The orc priest barely misses you.
The searing ray hits the orc priest but does no damage.
The orc priest is severely wounded.
The orc shouts!
The goblin hits you with a +0 dagger.
* * * LOW HITPOINT WARNING * * *
An orc comes into view. It is wielding a +0 club.
The orc priest misses you. The goblin hits you but does no damage.
The orc priest invokes the aid of Beogh against you.
You barely resist.
The searing ray hits the orc priest.
The orc priest is almost dead.
You finish channelling your searing ray.
The orc shouts!
The goblin hits you but does no damage. The orc priest hits you with a +0 whip.
You die...

.....##).
#...... #
#..#$##..
.###.##o..:....
......?o..#
.######.#.# #.#
# #o# #@# #g#
........#
.#...##.. ..##
#... .....
!..### .#.# .#
..


You could see an orc priest, 2 orcs and a goblin.

Vanquished Creatures
  An orc wizard (D:2)
  An adder (D:2)
  A worm (D:2)
  3 dart slugs (D:2)
  5 orcs (D:3)
  6 bats
  3 endoplasms
  4 giant cockroaches
  A hobgoblin (D:1)
  4 jackals
  4 quokkas
  5 ball pythons
  2 frilled lizards
  6 goblins
  4 kobolds
  5 rats
55 creatures vanquished.

Notes
Turn   | Place    | Note
-------+----------+-------------------------------------------
     0 | D:1      | qeuew the Deep Elf Conjurer began the quest for the Orb.
     0 | D:1      | Reached XP level 1. HP: 10/10 MP: 6/6
    27 | D:1      | Found Bisherem's Weapon Boutique.
   242 | D:1      | Reached XP level 2. HP: 15/15 MP: 2/8
   904 | D:1      | Gained mutation: You are weak. (Str -2) [potion of
                  | mutation]
   906 | D:1      | Lost strength.
   914 | D:1      | Learned a level 2 spell: Searing Ray
  1007 | D:2      | Reached XP level 3. HP: 19/19 MP: 6/9
  1203 | D:2      | Reached skill level 5 in Conjurations
  1890 | D:2      | Reached XP level 4. HP: 12/24 MP: 5/11
  2200 | D:3      | HP: 1/24 [goblin/+0 dagger (3)]
  2201 | D:3      | Slain by an orc priest

Illustrated notes

Levels and vault maps discovered:
D:1:      tarquinn_simple_flora_water_d, layout_basic, serial_shops,
          shop_fountains
D:2:      layout_loops_corners, ebering_dispersal_statue_hall,
          dreamdust_princess_bridge
D:3:      layout_loops_ring, chequers_temple_overflow_statue_of_worship,
          bloody_makhleb, ebering_ecumenical_altar_hall, uniq_ijyb, uniq_robin,
          uniq_natasha, uniq_crazy_yiuf_cottage

Skill      XL: |  1  2  3  4 |
---------------+-------------+-----
Stealth        | 3 |  3.5
Conjurations   | 5 |  5.4
Dodging        | 3 |  3.3
Spellcasting   | 4 |  4.0

Action                     |  1- 3 |  4- 6 || total
---------------------------+-------+-------++-------
   Cast: Magic Dart        |    90 |    25 ||   115
         Searing Ray       |       |     2 ||     2
    Use: Potion            |     9 |     1 ||    10
         Scroll            |     3 |     2 ||     5
 Armour: Robe              |     4 |     8 ||    12
  Dodge: Dodged            |     9 |     9 ||    18

Table legend: (Time is in decaauts)
 A = Elapsed time spent in this place.
 B = Non-inter-level travel time spent in this place.
 C = Inter-level travel time spent in this place.
 D = Time resting spent in this place.
 E = Time spent auto-exploring this place.
 F = Levels seen in this place.
 G = Mean time per level.
                   A        B        C        D        E       F      G
               +--------+--------+--------+--------+--------+-----+--------+
         Total |   2849 |   2753 |     96 |     75 |   2360 |   3 |  949.7 |
       Dungeon |   2849 |   2753 |     96 |     75 |   2360 |   3 |  949.7 |
               +--------+--------+--------+--------+--------+-----+--------+

Top non-repeatable levels by time:
     D:2: 1747 daAuts
     D:1: 950 daAuts
     D:3: 150 daAuts
